 Dungeon Crawl Stone Soup version 0.28-b1-25-g9875b3f (webtiles) character file.

Game seed: 4281297001860722666

71 Host24 the Bolt Thrower (level 4, -3/27 (28) HPs)
             Began as a Kobold Hunter on Jan 31, 2022.
             Blown up by Ijyb (17 damage)
             ... with a mindburst bolt
             ... on level 3 of the Dungeon.
             The game lasted 00:05:56 (2722 turns).

Host24 the Bolt Thrower (Kobold Hunter)             Turns: 2722, Time: 00:05:56

HP:   -3/27 (28)    AC:  5    Str: 11    XL:     4   Next: 47%
MP:   4/4           EV: 14    Int: 18    God:
Gold: 48            SH:  5    Dex: 15    Spells: 3/3 levels left

rFire   . . .      SeeInvis .   a - +1 hand crossbow
rCold   . . .      Faith    .   (no shield)
rNeg    . . .      Spirit   .   c - +0 leather armour
rPois   .          Reflect  +   (no helmet)
rElec   .          Harm     .   q - +0 cloak
rCorr   .          Rampage  .   (no gloves)
Will    .....                   o - +0 pair of boots
Stlth   +++.......              s - amulet of reflection
HPRegen 0.09/turn               j - +6 ring of intelligence
MPRegen 0.09/turn               (no ring)

@: lightly drained
A: small, no large weapons, nightstalker 3
a: no special abilities


You were on level 3 of the Dungeon.
You visited 1 branch of the dungeon, and saw 3 of its levels.

You collected 48 gold pieces.

Inventory:

Hand Weapons
 a - a +1 hand crossbow (weapon)
 n - a +0 dagger of freezing
 p - a +0 hunting sling
 w - a +2 dagger of draining
Missiles
 d - 31 bolts (quivered ammo)
 f - 59 stones
 g - 24 arrows
 k - 12 sling bullets
Armour
 c - a +0 leather armour (worn)
 o - a +0 pair of boots (worn)
 q - a +0 cloak (worn)
 v - a +0 helmet
Jewellery
 j - a +6 ring of intelligence (left hand)
 s - an amulet of reflection (around neck)
Wands
 t - a wand of flame (5)
Scrolls
 e - 3 scrolls of teleportation {unknown}
 r - 2 scrolls of enchant weapon {unknown}
Potions
 h - a potion of curing {unknown}
 i - 2 potions of might {unknown}
 l - a potion of flight {unknown}
 m - a potion of haste {unknown}
 u - a potion of ambrosia {unknown}


   Skills:
 - Level 3.0 Fighting
 + Level 6.0 Crossbows
 - Level 3.0 Dodging
 - Level 2.0 Stealth


You had 3 spell levels left.
You didn't know any spells.
Your spell library contained the following spells:

 Spells                   Type           Power      Damage    Failure   Level
 Summon Guardian Golem    Hex/Summ       0%         N/A       65%         3
 Orb of Destruction       Conj           0%         9d5       100%        7
 Spellforged Servitor     Conj/Summ      0%         N/A       100%        7


Dungeon Overview and Level Annotations

Branches:
Dungeon (3/15)

Altars:

Annotations:
D:2 Sigmund
D:3 Ijyb


Innate Abilities, Weirdness & Mutations

You are small and have problems with some larger weapons.
You are completely attuned to the shadows.


Message History

Aim: Ijyb, wielding a +0 dagger, wearing a +0 leather armour and carrying a wand of mindburst (15) (61% to hit)
You shoot a bolt. The bolt barely misses Ijyb.
Ijyb zaps a wand.
Your mind is blasted!
Ouch! That really hurt!
Fire: 37 bolts
Press: ? - help, Q - select action, (/) - cycle Shift-Dir - straight line, f/p - Ijyb
Aim: Ijyb, wielding a +0 dagger, wearing a +0 leather armour and carrying a wand of mindburst (14) (61% to hit)
You shoot a bolt. The bolt hits Ijyb.
Ijyb is moderately wounded.
Fire: 36 bolts
Press: ? - help, Q - select action, (/) - cycle Shift-Dir - straight line, f/p - Ijyb
Aim: Ijyb, wielding a +0 dagger, wearing a +0 leather armour and carrying a wand of mindburst (14) (moderately wounded, 61% to hit)
You shoot a bolt. The bolt hits Ijyb.
Ijyb is moderately wounded.
A quokka comes into view.
Ijyb hits you but does no damage.
Fire: 35 bolts
Press: ? - help, Q - select action, (/) - cycle Shift-Dir - straight line, f/p - Ijyb
Aim: Ijyb, wielding a +0 dagger, wearing a +0 leather armour and carrying a wand of mindburst (14) (moderately wounded, 61% to hit)
You shoot a bolt. The bolt misses Ijyb.
Ijyb barely misses you.
Fire: 34 bolts
Press: ? - help, Q - select action, (/) - cycle Shift-Dir - straight line, f/p - Ijyb
Aim: Ijyb, wielding a +0 dagger, wearing a +0 leather armour and carrying a wand of mindburst (14) (moderately wounded, 61% to hit)
You shoot a bolt. The bolt hits Ijyb.
Ijyb is heavily wounded.
Ijyb barely misses you.
Fire: 33 bolts
Press: ? - help, Q - select action, (/) - cycle Shift-Dir - straight line, f/p - Ijyb
Aim: Ijyb, wielding a +0 dagger, wearing a +0 leather armour and carrying a wand of mindburst (14) (heavily wounded, 61% to hit)
You shoot a bolt. The bolt hits Ijyb.
Ijyb is severely wounded.
Ijyb closely misses you. You block Ijyb's attack.
Fire: 32 bolts
Press: ? - help, Q - select action, (/) - cycle Shift-Dir - straight line, f/p - Ijyb
Aim: Ijyb, wielding a +0 dagger, wearing a +0 leather armour and carrying a wand of mindburst (14) (severely wounded, 61% to hit)
You shoot a bolt. The bolt misses Ijyb.
Ijyb zaps a wand.
Your mind is blasted!
Ouch! That really hurt!
You die...

. .### #. ....
##.#####..#.
..............
.<.#.#<>.)..#
.......###..#
.......# ..#
#.#@#.# ....
#rg....# ....
(..###..# (..
..# (# .#


You could see Ijyb and a quokka.

Vanquished Creatures
  Robin (D:2)
  An adder (D:2)
  A worm (D:2)
  2 endoplasms (D:2)
  14 goblins
  2 hobgoblins (D:2)
  5 kobolds
  A quokka (D:1)
  6 ball pythons
  5 bats
  2 frilled lizards
  4 rats
44 creatures vanquished.

Vanquished Creatures (others)
  2 plants (D:1)
  A withered plant (D:1)
3 creatures vanquished.

Grand Total: 47 creatures vanquished

Notes
Turn   | Place    | Note
-------+----------+-------------------------------------------
     0 | D:1      | Host24 the Kobold Hunter began the quest for the Orb.
     0 | D:1      | Reached XP level 1. HP: 12/12 MP: 1/1
    75 | D:1      | Reached skill level 5 in Crossbows
   174 | D:1      | Reached XP level 2. HP: 8/17 MP: 2/2
   626 | D:1      | Found a faded altar of an unknown god.
  1278 | D:2      | Noticed Sigmund
  1433 | D:2      | Reached XP level 3. HP: 22/22 MP: 3/3
  2162 | D:2      | Reached XP level 4. HP: 24/28 MP: 4/4
  2335 | D:2      | Noticed Robin
  2343 | D:2      | Killed Robin
  2639 | D:2      | Reached skill level 6 in Crossbows
  2713 | D:3      | Noticed Ijyb
  2722 | D:3      | Blown up by Ijyb

Illustrated notes

Levels and vault maps discovered:
D:1:      wander_arrival_estate, layout_loops_ring,
          shapermc_ecumenical_altar_flowoftime, minmay_tetromino_l4
D:2:      layout_rooms, serial_park_tiny_pond, minmay_split_cup_large,
          uniq_sigmund, uniq_robin
D:3:      layout_basic, serial_bayou_pond_b, uniq_ijyb, uniq_terence

Skill      XL: |  1  2  3  4 |
---------------+-------------+-----
Crossbows      | 5 6 |  6.0
Dodging        | 3 |  3.0
Fighting       | 3 |  3.0
Stealth        | 2 |  2.0

Action                   |  1- 3 |  4- 6 || total
-------------------------+-------+-------++-------
Melee: Short sword       |    83 |     3 ||    86
       Dagger            |       |    41 ||    41
 Fire: Hand crossbow     |    20 |    11 ||    31
 Stab: Sleeping          |     9 |       ||     9
Armor: Leather armour    |    29 |     6 ||    35
Dodge: Dodged            |    72 |    18 ||    90
Block: Other             |       |    12 ||    12
